 Dungeon Crawl Stone Soup version 0.30-a0-457-g4b7bca3bfa (webtiles) character file.

Game seed: 9735108695203931237

128 kurumiz the Poker (level 5, -4/31 HPs)
             Began as a Tengu Reaver on Dec 14, 2022.
             Blown up by Ijyb (12 damage)
             ... with a mindburst bolt
             ... on level 4 of the Dungeon.
             The game lasted 00:07:05 (2425 turns).

kurumiz the Poker (Tengu Reaver)                    Turns: 2425, Time: 00:07:05

Health: -4/31      AC:  3    Str: 13    XL:     5   Next: 12%
Magic:  9/9        EV: 14    Int: 13    God:
Gold:   150        SH:  0    Dex: 14    Spells: 7/8 levels left

rFire   . . .      SeeInvis .    o - +2 whip (elec)
rCold   . . .      Faith    .    (no shield)
rNeg    . . .      Spirit   .    b - +0 leather armour
rPois   .          Reflect  .    (helmet restricted)
rElec   .          Harm     .    (no cloak)
rCorr   .          Rampage  .    (no gloves)
Will    .....                    (boots unavailable)
Stlth   +.........               (no amulet)
HPRegen 0.25/turn                (no ring)
MPRegen 0.11/turn                (no ring)

@: flying quickly and evasively, quick
A: beak, talons 3, nimble flight
a: no special abilities


You were on level 4 of the Dungeon.
You visited 1 branch of the dungeon, and saw 4 of its levels.

You collected 150 gold pieces.

Inventory:

Hand Weapons
 a - a +0 spear
 o - a +2 whip of electrocution (weapon)
Missiles
 p - 3 boomerangs of dispersal
 u - 8 poisoned darts
Armour
 b - a +0 leather armour (worn)
Scrolls
 d - 2 scrolls of poison {unknown}
 e - 2 scrolls of enchant weapon {unknown}
 f - a scroll of identify {unknown}
 g - 2 scrolls of fear {unknown}
 h - a scroll of amnesia {unknown}
 i - a scroll of acquirement {unknown}
 k - 2 scrolls of magic mapping {unknown}
 q - a scroll of vulnerability {unknown}
 r - a scroll of noise {unknown}
 t - a scroll of silence {unknown}
Potions
 c - 2 potions of attraction {unknown}
 j - a potion of flight {unknown}
 l - a potion of degeneration {unknown}
 m - a potion of lignification {unknown}
 n - a potion of might {unknown}
 s - a potion of curing {unknown}


   Skills:
 + Level 2.4 Fighting
 + Level 0.4 Maces & Flails
 + Level 4.8 Polearms
 + Level 1.4 Armour
 + Level 3.0 Dodging
 + Level 0.5 Stealth
 + Level 2.1 Spellcasting
 + Level 4.3 Conjurations


You had 7 spell levels left.
You knew the following spells:

 Your Spells              Type           Power      Damage    Failure   Level
a - Kiss of Death         Conj/Necr      28%        2d7       13%         1

Your spell library contained the following spells:

 Spells                   Type           Power      Damage    Failure   Level
 Momentum Strike          Conj/Tloc      14%        3d8       21%         2
 Hailstorm                Conj/Ice       7%         3d4       36%         3


Dungeon Overview and Level Annotations

Branches:
Dungeon (4/15)
 Temple: D:4-7

Altars:

Annotations:
D:4 Ijyb


Innate Abilities, Weirdness & Mutations

You have a beak for a mouth.
You have claws for feet.
Your magical nature lets you fly swiftly and evasively.


Message History

You reach down and open the door.
Ijyb and a giant cockroach come into view.
Ijyb is wielding a +0 club and carrying a wand of mindburst (14).
Found a chain mail.
There are monsters nearby!
Found a runed orb.
Ijyb zaps a wand.
Your mind is blasted!
There is an open door here.
You hit the giant cockroach. You claw the giant cockroach.
You kill the giant cockroach!
You see here a giant cockroach corpse.
You hit Ijyb but do no damage. You claw Ijyb. You peck Ijyb, but do no damage.
Ijyb is lightly wounded.
Ijyb hits you with a +0 club.
You completely miss Ijyb. You claw Ijyb, but do no damage.
Ijyb is lightly wounded.
Ijyb zaps a wand.
Your mind is blasted!
You are too injured to fight recklessly!
You are too injured to fight recklessly!
You are too injured to fight recklessly!
You barely miss Ijyb. Your kick misses Ijyb. Your peck misses Ijyb.
Ijyb is lightly wounded.
Ijyb hits you with a +0 club.
You hit Ijyb. You claw Ijyb, but do no damage. You peck Ijyb, but do no damage.
Ijyb is lightly wounded.
Ijyb closely misses you.
You hit Ijyb but do no damage. Your peck misses Ijyb.
Ijyb is lightly wounded.
Ijyb barely misses you.
You barely miss Ijyb. Your peck misses Ijyb.
Ijyb is lightly wounded.
Ijyb screams, "Get away!"
Ijyb hits you with a +0 club.
You hit Ijyb but do no damage.
Ijyb is lightly wounded.
Ijyb zaps a wand.
Your mind is blasted!
* * * LOW HITPOINT WARNING * * *
You hit Ijyb but do no damage. You claw Ijyb, but do no damage.
Ijyb is lightly wounded.
Ijyb barely misses you.
Ijyb zaps a wand.
Your mind is blasted!
You die...

#......# #.###....#
#.##.#.# #.##.....#####
#.##.#.## #.............
#.##....#########.#######
#.#..†.†..# #.#
#.#.##.†#.# #.#
#.......#.# ##'##
###.###.#.# ##...## #.#
#.#.# #.@...# #.###.#.#
#..g....#
#.##....###.........#
#.#.......+..[......+
#.......###.........#
#####.### ##[......## #.#
##.....## #.# ##...##
##.## #+#


You could see Ijyb.

Vanquished Creatures
  4 adders
  2 worms
  11 orcs
  7 bats
  5 endoplasms
  5 giant cockroaches
  6 goblins
  8 hobgoblins
  4 jackals (D:4)
  4 ball pythons
  3 frilled lizards (D:2)
  3 kobolds
  11 rats
73 creatures vanquished.

Vanquished Creatures (others)
  A plant (D:2)
1 creature vanquished.

Grand Total: 74 creatures vanquished

Notes
Turn   | Place    | Note
-------+----------+-------------------------------------------
     0 | D:1      | kurumiz the Tengu Reaver began the quest for the Orb.
     0 | D:1      | Reached XP level 1. HP: 12/12 MP: 4/4
   154 | D:1      | Reached XP level 2. HP: 17/17 MP: 6/6
   351 | D:1      | Found a faded altar of an unknown god.
   634 | D:2      | Reached XP level 3. HP: 21/21 MP: 7/7
  1014 | D:2      | Reached XP level 4. HP: 26/26 MP: 8/8
  1762 | D:3      | Reached skill level 1 in Armour
  2096 | D:3      | Gained mutation: Your magical nature lets you fly swiftly
                  | and evasively. [Tengu growth]
  2096 | D:3      | Reached XP level 5. HP: 23/31 MP: 9/9
  2413 | D:4      | Noticed Ijyb
  2425 | D:4      | Blown up by Ijyb

Illustrated notes

Levels and vault maps discovered:
D:1:      amcnicky_arrival_single_pillar, layout_loops_cross,
          shapermc_ecumenical_altar_starsandcircs
D:2:      layout_rooms, serial_forest, infiniplex_forest_end_3,
          infiniplex_forest_end_1, infiniplex_forest_lined_2,
          infiniplex_forest_straight_2, infiniplex_forest_corner_2,
          infiniplex_forest_clump_curved, infiniplex_forest_corner_1,
          infiniplex_forest_lined_corner
D:3:      layout_basic
D:4:      layout_loops_corners, mainiacjoe_overflow_alcove_1, uniq_ijyb

Skill      XL: |  1  2  3  4 |
---------------+-------------+-----
Polearms       | 4 |  4.8
Armour         | 1 |  1.4
Dodging        | 3 |  3.0
Fighting       | |  2.4
Maces & Flails | |  0.4
Stealth        | |  0.5
Spellcasting   | |  2.1
Conjurations   | |  4.3

Action                   |  1- 3 |  4- 6 || total
-------------------------+-------+-------++-------
Melee: Spear             |   111 |    36 ||   147
       Peck              |    16 |    15 ||    31
       Kick              |    17 |    32 ||    49
       Whip              |       |    76 ||    76
 Stab: Sleeping          |     2 |       ||     2
Armor: Leather armour    |    27 |    20 ||    47
Dodge: Dodged            |    49 |    69 ||   118

Table legend: (Time is in decaauts)
 A = Elapsed time spent in this place.
 B = Non-inter-level travel time spent in this place.
 C = Inter-level travel time spent in this place.
 D = Time resting spent in this place.
 E = Time spent auto-exploring this place.
 F = Levels seen in this place.
 G = Mean time per level.
                   A        B        C        D        E       F      G
               +--------+--------+--------+--------+--------+-----+--------+
         Total |   2399 |   2334 |     65 |      0 |   1553 |   4 |  599.8 |
       Dungeon |   2399 |   2334 |     65 |      0 |   1553 |   4 |  599.8 |
               +--------+--------+--------+--------+--------+-----+--------+

Top non-repeatable levels by time:
     D:3: 880 daAuts
     D:2: 806 daAuts
     D:1: 597 daAuts
     D:4: 115 daAuts
